 Dungeon Sprint DCSS version 0.18-a0-965-g9200175 (webtiles) character file.

262 Ishamoridin the Martial Artist (level 5, -1/44 HPs)
             Began as a Vampire Monk on Jan 1, 2016.
             Slain by a slime creature (7 damage)
             ... in the Dungeon (Sprint I: "Red Sonja").
             The game lasted 00:02:51 (672 turns).

Ishamoridin the Martial Artist (Vampire Monk)        Turns: 672, Time: 00:02:51

Health: -1/44      AC:  0    Str:  6    XL:     5   Next: 97%
Magic:  3/5        EV: 27    Int: 13    God:
Gold:   108        SH:  0    Dex: 21    Spells: 0 memorised, 4 levels left

rFire  . . .     SeeInvis +       - Unarmed
rCold  . . .     Gourm    .     (armour currently unavailable)
rNeg   + . .     Faith    .     (shield currently unavailable)
rPois  .         Spirit   .     (helmet currently unavailable)
rElec  .         Dismiss  .     (cloak currently unavailable)
rCorr  .         Reflect  .     (gloves currently unavailable)
SustAt .         Harm     .     (boots currently unavailable)
MR     .....     NoTele   +     (no amulet)
Stlth  ++++......               (ring currently unavailable)
                                (ring currently unavailable)

@: bat-form, flying, very quick, not resistant to hostile enchantments, stealthy
A: fangs 3, see invisible, (unbreathing)
a: End Transformation


You were in the Dungeon.
You were not thirsty.
You were in vampire-bat-form.
You visited 1 branch You collected 108 gold pieces.

Inventory:

Hand Weapons
 d - a +0 giant spiked club
 e - a +0 scythe (melded)
 i - a +0 club
Armour
 a - a +0 robe
 j - a +3 scale mail of poison resistance (melded)
 l - a +0 robe
Wands
 k - a wand of polymorph (0/24)
Scrolls
 h - a scroll of blinking
Potions
 b - 2 potions of blood
 c - a potion of curing
 f - 2 potions of magic
 g - a potion of berserk rage


   Skills:
 + Level 5.3 Fighting
 * Level 3.9 Armour
 + Level 7.0 Dodging
 + Level 4.4 Stealth
 + Level 9.9 Unarmed Combat


You had 4 spell levels left.
You didn't know any spells.

Dungeon Overview and Level Annotations

Branches:
Dungeon (1/1)

Altars:
Cheibriados
Dithmenos
Fedhas
Jiyva


Innate Abilities, Weirdness & Mutations

You have razor-sharp teeth.
You have supernaturally acute eyesight.
((You can survive without breathing.))


Message History

You no longer feel resistant to poison.
The slime creature closely misses you.
You hit the slime creature.
The slime creature is heavily wounded.
The slime creature completely misses you.
You hit the slime creature.
The slime creature is heavily wounded.
You hit the slime creature but do no damage.
The slime creature is heavily wounded.
The slime creature barely misses you.
You hit the slime creature but do no damage.
The slime creature is heavily wounded.
You hit the slime creature but do no damage.
The slime creature is heavily wounded.
The slime creature misses you.
You hit the slime creature.
The slime creature is heavily wounded.
You hit the slime creature but do no damage.
The slime creature is heavily wounded.
The slime creature hits you!
You die...

###################
#<.#..'..#..'..#__#
#..'..#..'÷.#..bJ.+
#..#####+#####+#__#
#..# ### #..# #..#
#⌠⌠# ####


You could see a slime creature.

Vanquished Creatures
  Sigmund (D)
  An ogre (D)
  Ijyb (D)
3 creatures vanquished.

Notes
Turn   | Place    | Note
--------------------------------------------------------------
     0 | D        | Ishamoridin the Vampire Monk began the quest for the Orb.
     0 | D        | Reached XP level 1. HP: 17/17 MP: 1/1
     2 | D        | Noticed Ijyb
    51 | D        | Killed Ijyb
    51 | D        | Reached skill level 6 in Unarmed Combat
    51 | D        | Reached XP level 2. HP: 17/25 MP: 2/2
   157 | D        | Noticed an ogre
   167 | D        | Killed an ogre
   167 | D        | Reached skill level 5 in Dodging
   167 | D        | Reached skill level 8 in Unarmed Combat
   167 | D        | Reached XP level 3. HP: 3/31 MP: 3/3
   167 | D        | Reached XP level 4. HP: 3/38 MP: 4/4
   469 | D        | Noticed Sigmund
   494 | D        | Killed Sigmund
   494 | D        | Reached skill level 5 in Fighting
   494 | D        | Reached skill level 9 in Unarmed Combat
   494 | D        | Reached XP level 5. HP: 23/44 MP: 3/5
   659 | D        | Found a snail-covered altar of Cheibriados.
   659 | D        | Found a viscous altar of Jiyva.
   659 | D        | Found a shadowy altar of Dithmenos.
   659 | D        | Found a blossoming altar of Fedhas.
   659 | D        | Noticed a slime creature
   672 | D        | Slain by a slime creature

Vault maps used:
D:        dungeon_sprint_1

Action                   |  1- 3 |  4- 6 || total
-------------------------+-------+-------++-------
Melee: Unarmed           |    55 |    30 ||    85
       Scythe            |       |     4 ||     4
 Abil: Bat Form          |       |     2 ||     2
       End Transformatio |       |     1 ||     1
  Use: Potion            |     2 |       ||     2
 Stab: Sleeping          |     1 |       ||     1
